[ PARTIDA AOE2 · #478222526 ]
UnrankedPortugueses vs Mongols
[ ANÁLISIS DE REPETICIÓN · EXTRAÍDO DE LA PARTIDA GRABADA ]
Feudal
15:39
Castillos
19:09
Imperial
36:05
| APM promedio | 19.2 |
| APM pico | 56 |
| eAPM promedio | 10.9 |
| Aldeanos / militares | 130 / 128 |
Foco
⚔️ 21.4% · 🌾 78.6%
Spearman ×110 · Archer ×12 · Fishing Ship ×4 · Mangonel ×3 · Bombard Cannon ×3
Feudal
13:09
Castillos
21:10
Imperial
34:43
| APM promedio | 29.5 |
| APM pico | 69 |
| eAPM promedio | 20.8 |
| Aldeanos / militares | 167 / 93 |
Foco
⚔️ 33.8% · 🌾 66.2%
Flemish Militia ×52 · Coustillier ×30 · Trebuchet (Packed) ×6 · Fishing Ship ×4 · Spearman ×2 · Battering Ram ×2
Feudal
9:43
Castillos
21:15
Imperial
35:29
| APM promedio | 33.7 |
| APM pico | 82 |
| eAPM promedio | 19.2 |
| Aldeanos / militares | 110 / 166 |
Foco
⚔️ 24.3% · 🌾 75.7%
Mangudai ×75 · Camel Scout ×49 · Scout Cavalry ×19 · Fishing Ship ×11 · Trebuchet (Packed) ×7 · Archer ×6
Feudal
13:48
Castillos
17:31
Imperial
31:24
| APM promedio | 34.5 |
| APM pico | 69 |
| eAPM promedio | 20.3 |
| Aldeanos / militares | 203 / 108 |
Foco
⚔️ 25.4% · 🌾 74.6%
Knight ×59 · Archer ×32 · Bombard Cannon ×9 · Mangonel ×4 · Monk ×1 · Petard ×1
Mapa de la partida
Recursos iniciales + cada clic de construcción. Líneas = muros · curvas = relieve. ◆ oro · ⬟ piedra · ● bayas · ✦ reliquia · ◌ hueco del cierre
Tu base· ✓ Cerrada en 19:09 · 7t muro · sin puerta
Base de Caesar_Red· ✓ Cerrada en 21:10 · 37t muro · sin puerta
Base de Le Roi· Abierta — el rival se encerró
Base de ofespinelman· Abierta — el rival se encerró
Terreno inicial suavizado · ◌ = hueco del cierre detectado · pasá el cursor para detalles
Inputs por minuto
— White Chocolate - - Caesar_Red
Build order — White Chocolate
Primeras 150 de 255 acciones detectadas
| 0:02 | Construir | House |
| 0:03 | Crear | Villager (Male) ×4 |
| 0:04 | Construir | House |
| 1:13 | Investigar | Loom |
| 1:25 | Crear | Villager (Male) |
| 1:26 | Crear | Villager (Male) |
| 1:26 | Crear | Villager (Male) |
| 2:12 | Crear | Villager (Male) |
| 2:32 | Crear | Villager (Male) |
| 3:07 | Construir | Palisade Wall |
| 3:16 | Crear | Villager (Male) |
| 3:49 | Crear | Villager (Male) |
| 4:11 | Construir | House |
| 4:13 | Construir | House |
| 4:23 | Crear | Villager (Male) |
| 4:23 | Crear | Villager (Male) |
| 4:24 | Crear | Villager (Male) |
| 4:55 | Crear | Villager (Male) |
| 4:55 | Crear | Villager (Male) |
| 4:56 | Crear | Villager (Male) |
| 4:59 | Construir | House |
| 5:48 | Crear | Villager (Male) |
| 5:49 | Crear | Villager (Male) |
| 5:49 | Crear | Villager (Male) |
| 5:49 | Crear | Villager (Male) |
| 5:49 | Crear | Villager (Male) |
| 5:50 | Crear | Villager (Male) |
| 6:43 | Construir | Lumber Camp |
| 7:02 | Crear | Villager (Male) |
| 7:02 | Crear | Villager (Male) |
| 7:02 | Crear | Villager (Male) |
| 7:03 | Crear | Villager (Male) |
| 8:01 | Construir | House |
| 8:27 | Construir | Dock |
| 8:44 | Crear | Villager (Male) |
| 9:11 | Crear | Villager (Male) |
| 9:14 | Crear | Fishing Ship |
| 9:22 | Crear | Villager (Male) |
| 9:33 | Construir | Mill |
| 9:57 | Crear | Villager (Male) |
| 10:14 | Crear | Fishing Ship |
| 10:34 | Crear | Villager (Male) |
| 10:34 | Crear | Villager (Male) |
| 10:48 | Crear | Villager (Male) |
| 10:50 | Crear | Fishing Ship |
| 11:31 | Crear | Villager (Male) |
| 11:37 | Crear | Fishing Ship |
| 12:11 | Crear | Villager (Male) |
| 12:32 | Crear | Villager (Male) |
| 12:40 | Construir | House |
| 12:48 | Crear | Villager (Male) |
| 12:58 | Construir | Mining Camp |
| 13:25 | Investigar | Feudal Age |
| 13:50 | Crear | Villager (Male) |
| 13:51 | Crear | Villager (Male) |
| 14:38 | Construir | Barracks |
| 15:39 | Edad | Edad Feudal |
| 15:42 | Construir | Archery Range |
| 15:49 | Construir | Blacksmith |
| 16:13 | Construir | Fish Trap |
| 16:26 | Investigar | Castle Age |
| 16:30 | Construir | Archery Range |
| 16:37 | Crear | Archer ×2 |
| 16:52 | Construir | Farm |
| 16:52 | Construir | Farm |
| 16:53 | Construir | Farm |
| 16:53 | Construir | Farm |
| 16:53 | Construir | Farm |
| 16:53 | Construir | Farm |
| 16:55 | Construir | Farm |
| 17:08 | Crear | Archer |
| 17:08 | Crear | Archer |
| 17:28 | Construir | House |
| 18:15 | Crear | Archer ×4 |
| 18:47 | Construir | Fish Trap |
| 18:59 | Construir | House |
| 19:00 | Construir | House |
| 19:02 | Construir | House |
| 19:08 | Crear | Archer ×4 |
| 19:09 | Edad | Edad de los Castillos |
| 19:11 | Crear | Villager (Male) |
| 19:42 | Construir | Stone Wall |
| 19:51 | Construir | Stone Wall |
| 20:04 | Construir | Lumber Camp |
| 20:19 | Construir | Farm |
| 20:52 | Construir | Stone Wall |
| 21:03 | Investigar | Double-Bit Axe |
| 21:20 | Crear | Villager (Male) |
| 21:20 | Crear | Villager (Male) |
| 21:54 | Construir | Town Center |
| 22:43 | Construir | Market |
| 22:57 | Crear | Villager (Male) ×5 |
| 23:30 | Construir | Siege Workshop |
| 23:34 | Investigar | Crossbowman (upgrade) |
| 23:57 | Construir | Watch Tower |
| 24:04 | Crear | Mangonel |
| 24:04 | Crear | Mangonel |
| 24:14 | Crear | Villager (Male) ×5 |
| 24:18 | Construir | House |
| 24:20 | Construir | House |
| 24:21 | Construir | House |
| 24:23 | Construir | House |
| 24:24 | Construir | House |
| 24:45 | Investigar | Fletching |
| 25:24 | Construir | Town Center |
| 25:27 | Investigar | Bow Saw |
| 25:35 | Construir | Lumber Camp |
| 25:48 | Crear | Villager (Male) ×5 |
| 26:47 | Construir | University |
| 26:59 | Crear | Villager (Male) ×5 |
| 27:06 | Construir | Farm |
| 27:16 | Construir | Fish Trap |
| 27:19 | Construir | Fish Trap |
| 27:27 | Construir | House |
| 27:27 | Construir | House |
| 27:27 | Construir | House |
| 27:27 | Construir | House |
| 27:44 | Crear | Mangonel |
| 27:54 | Construir | Stone Wall |
| 28:07 | Construir | Stone Wall |
| 28:11 | Crear | Villager (Male) ×5 |
| 28:29 | Construir | House |
| 28:30 | Construir | House |
| 28:31 | Construir | House |
| 28:32 | Construir | House |
| 28:33 | Construir | House |
| 28:34 | Construir | House |
| 28:35 | Construir | House |
| 28:46 | Construir | Farm |
| 28:47 | Construir | Farm |
| 28:47 | Construir | Farm |
| 28:48 | Construir | Farm |
| 28:48 | Construir | Farm |
| 28:48 | Construir | Farm |
| 28:48 | Construir | Farm |
| 28:48 | Construir | Farm |
| 28:49 | Construir | Farm |
| 28:50 | Construir | Farm |
| 28:50 | Construir | Farm |
| 28:51 | Construir | Farm |
| 28:51 | Construir | Farm |
| 29:12 | Crear | Villager (Male) ×5 |
| 29:29 | Construir | Mill |
| 29:29 | Construir | Farm |
| 29:30 | Construir | Farm |
| 29:30 | Construir | Farm |
| 29:30 | Construir | Farm |
| 29:31 | Construir | Farm |
| 29:31 | Construir | Farm |
| 29:33 | Construir | Farm |
Build order — Caesar_Red
Primeras 150 de 422 acciones detectadas
| 0:01 | Crear | Villager (Male) |
| 0:01 | Crear | Villager (Male) |
| 0:02 | Construir | House |
| 0:04 | Construir | House |
| 0:19 | Crear | Villager (Male) |
| 0:19 | Crear | Villager (Male) |
| 0:19 | Crear | Villager (Male) |
| 1:37 | Construir | Palisade Wall |
| 1:40 | Crear | Villager (Male) |
| 2:05 | Crear | Villager (Male) |
| 2:19 | Crear | Villager (Male) |
| 2:31 | Investigar | Loom |
| 2:58 | Crear | Villager (Male) |
| 3:11 | Construir | Palisade Wall |
| 3:41 | Crear | Villager (Male) |
| 3:57 | Crear | Villager (Male) |
| 4:00 | Construir | House |
| 4:31 | Construir | Palisade Wall |
| 4:35 | Construir | Lumber Camp |
| 4:35 | Crear | Villager (Male) |
| 4:53 | Construir | Palisade Wall |
| 4:56 | Crear | Villager (Male) |
| 5:21 | Crear | Villager (Male) |
| 5:38 | Construir | House |
| 5:41 | Crear | Villager (Male) |
| 5:49 | Investigar | Double-Bit Axe |
| 6:24 | Crear | Villager (Male) |
| 6:24 | Crear | Villager (Male) |
| 6:53 | Crear | Villager (Male) |
| 7:18 | Crear | Villager (Male) |
| 7:27 | Construir | Lumber Camp |
| 7:36 | Construir | Palisade Wall |
| 7:37 | Construir | Palisade Wall |
| 7:56 | Crear | Villager (Male) |
| 7:59 | Construir | House |
| 8:20 | Crear | Villager (Male) |
| 8:40 | Crear | Villager (Male) |
| 9:16 | Crear | Villager (Male) |
| 9:42 | Crear | Villager (Male) |
| 9:58 | Construir | Mill |
| 10:03 | Crear | Villager (Male) |
| 10:11 | Construir | Mining Camp |
| 10:25 | Crear | Villager (Male) |
| 10:35 | Construir | House |
| 10:49 | Crear | Villager (Male) |
| 10:55 | Investigar | Feudal Age |
| 11:02 | Construir | Mining Camp |
| 11:18 | Construir | House |
| 11:19 | Construir | House |
| 11:34 | Investigar | Horse Collar |
| 11:54 | Crear | Villager (Male) |
| 12:08 | Construir | Farm |
| 12:09 | Construir | Farm |
| 12:10 | Construir | Farm |
| 12:11 | Construir | Farm |
| 12:12 | Construir | Farm |
| 12:29 | Construir | Farm |
| 12:42 | Construir | Farm |
| 12:43 | Crear | Villager (Male) |
| 12:43 | Crear | Villager (Male) |
| 12:48 | Construir | Palisade Wall |
| 13:03 | Construir | House |
| 13:09 | Edad | Edad Feudal |
| 13:15 | Construir | House |
| 13:18 | Construir | Palisade Wall |
| 13:27 | Crear | Villager (Male) |
| 13:32 | Construir | Watch Tower |
| 13:54 | Crear | Villager (Male) |
| 13:54 | Crear | Villager (Male) |
| 14:28 | Crear | Villager (Male) |
| 14:30 | Construir | House |
| 14:36 | Investigar | Bow Saw |
| 14:42 | Construir | Farm |
| 14:44 | Construir | Farm |
| 14:47 | Crear | Villager (Male) |
| 15:08 | Crear | Villager (Male) |
| 15:10 | Construir | House |
| 15:13 | Construir | Farm |
| 15:45 | Construir | Watch Tower |
| 15:55 | Crear | Villager (Male) |
| 16:03 | Construir | Farm |
| 16:07 | Investigar | Wheelbarrow |
| 16:11 | Crear | Villager (Male) |
| 17:15 | Construir | Market |
| 17:39 | Crear | Villager (Male) |
| 17:39 | Crear | Villager (Male) |
| 17:42 | Construir | Blacksmith |
| 18:15 | Construir | Lumber Camp |
| 18:30 | Investigar | Castle Age |
| 18:33 | Investigar | Stone Mining |
| 18:49 | Construir | Palisade Wall |
| 18:58 | Construir | Dock |
| 19:52 | Crear | Fishing Ship |
| 19:52 | Crear | Fishing Ship |
| 20:25 | Crear | Villager (Male) |
| 20:25 | Crear | Villager (Male) |
| 20:31 | Investigar | Heavy Plow |
| 21:01 | Construir | House |
| 21:02 | Construir | House |
| 21:10 | Edad | Edad de los Castillos |
| 21:33 | Construir | Castle |
| 21:38 | Construir | Stone Wall |
| 21:41 | Construir | Stone Wall |
| 21:45 | Construir | Stone Wall |
| 22:00 | Construir | Town Center |
| 22:03 | Crear | Villager (Male) |
| 22:03 | Crear | Villager (Male) |
| 22:07 | Investigar | Gold Mining |
| 22:11 | Crear | Fishing Ship |
| 22:12 | Crear | Fishing Ship |
| 22:16 | Investigar | Scale Barding Armor |
| 22:37 | Construir | Mining Camp |
| 22:41 | Crear | Villager (Male) |
| 22:49 | Construir | Lumber Camp |
| 22:52 | Crear | Villager (Male) |
| 23:05 | Crear | Villager (Male) |
| 23:06 | Crear | Villager (Male) |
| 23:06 | Crear | Villager (Male) |
| 23:10 | Crear | Coustillier |
| 23:10 | Crear | Coustillier |
| 23:15 | Construir | Siege Workshop |
| 23:27 | Construir | Monastery |
| 23:29 | Crear | Villager (Male) |
| 23:43 | Crear | Coustillier |
| 23:47 | Crear | Battering Ram |
| 23:53 | Investigar | Fletching |
| 24:01 | Crear | Villager (Male) |
| 24:12 | Construir | Lumber Camp |
| 24:16 | Crear | Villager (Male) |
| 24:24 | Crear | Monk |
| 24:31 | Crear | Villager (Male) |
| 24:40 | Construir | Farm |
| 24:40 | Construir | Farm |
| 24:40 | Construir | Farm |
| 24:41 | Construir | Farm |
| 24:45 | Construir | Farm |
| 24:45 | Crear | Villager (Male) |
| 24:46 | Crear | Villager (Male) |
| 24:46 | Crear | Villager (Male) |
| 24:53 | Crear | Coustillier |
| 25:04 | Crear | Villager (Male) |
| 25:05 | Crear | Villager (Male) |
| 25:37 | Crear | Villager (Male) |
| 25:37 | Crear | Villager (Male) |
| 25:47 | Construir | Farm |
| 25:48 | Construir | Farm |
| 25:48 | Construir | Farm |
| 25:48 | Construir | Farm |
| 25:48 | Construir | Farm |
| 25:49 | Construir | Farm |
Build order — Le Roi
Primeras 150 de 345 acciones detectadas
| 0:00 | Crear | Villager (Male) |
| 0:00 | Crear | Villager (Male) |
| 0:02 | Construir | House |
| 0:03 | Construir | House |
| 0:16 | Crear | Villager (Male) |
| 0:16 | Crear | Villager (Male) |
| 1:30 | Crear | Villager (Male) |
| 1:48 | Construir | Lumber Camp |
| 1:53 | Crear | Villager (Male) |
| 2:15 | Crear | Villager (Male) |
| 2:53 | Construir | House |
| 2:56 | Crear | Villager (Male) |
| 3:09 | Investigar | Loom |
| 3:24 | Crear | Villager (Male) |
| 3:50 | Crear | Villager (Male) |
| 3:52 | Crear | Villager (Male) |
| 4:10 | Crear | Villager (Male) |
| 4:15 | Crear | Villager (Male) |
| 4:15 | Crear | Villager (Male) |
| 4:38 | Crear | Villager (Male) |
| 4:48 | Crear | Villager (Male) |
| 5:57 | Crear | Villager (Male) |
| 6:24 | Construir | Barracks |
| 7:03 | Crear | Villager (Male) |
| 7:20 | Construir | Mining Camp |
| 7:31 | Investigar | Feudal Age |
| 7:41 | Crear | Militia |
| 7:41 | Crear | Militia |
| 7:44 | Construir | House |
| 7:57 | Construir | House |
| 8:25 | Crear | Militia |
| 8:45 | Crear | Militia |
| 9:37 | Crear | Villager (Male) |
| 9:43 | Edad | Edad Feudal |
| 9:46 | Construir | Archery Range |
| 9:48 | Investigar | Man-at-Arms (upgrade) |
| 9:50 | Crear | Villager (Male) |
| 9:56 | Investigar | Double-Bit Axe |
| 10:10 | Construir | Mill |
| 10:25 | Crear | Villager (Male) |
| 10:40 | Construir | House |
| 10:42 | Construir | House |
| 10:47 | Crear | Archer |
| 10:47 | Crear | Archer |
| 10:55 | Crear | Villager (Male) |
| 11:06 | Construir | House |
| 11:22 | Crear | Villager (Male) |
| 11:27 | Construir | Blacksmith |
| 11:48 | Crear | Archer |
| 11:50 | Crear | Villager (Male) |
| 11:58 | Crear | Archer |
| 12:10 | Crear | Villager (Male) |
| 12:29 | Crear | Archer |
| 12:32 | Investigar | Fletching |
| 12:35 | Construir | House |
| 13:11 | Crear | Archer |
| 13:14 | Construir | House |
| 13:25 | Crear | Villager (Male) |
| 13:29 | Construir | Dock |
| 13:37 | Construir | Lumber Camp |
| 14:12 | Crear | Villager (Male) |
| 14:44 | Crear | Villager (Male) |
| 14:46 | Crear | Demolition Raft |
| 14:48 | Crear | Villager (Male) |
| 14:48 | Crear | Villager (Male) |
| 14:50 | Construir | Farm |
| 14:53 | Construir | Farm |
| 15:37 | Crear | Villager (Male) |
| 15:43 | Crear | Fishing Ship |
| 15:43 | Crear | Fishing Ship |
| 15:59 | Construir | Farm |
| 15:59 | Construir | Farm |
| 16:00 | Construir | Farm |
| 16:02 | Crear | Fishing Ship |
| 16:16 | Crear | Villager (Male) |
| 16:35 | Crear | Villager (Male) |
| 16:36 | Construir | Farm |
| 16:40 | Crear | Fishing Ship |
| 16:45 | Construir | Market |
| 16:59 | Construir | House |
| 17:03 | Construir | Palisade Wall |
| 17:10 | Crear | Villager (Male) |
| 17:12 | Construir | Farm |
| 17:45 | Crear | Villager (Male) |
| 18:07 | Crear | Villager (Male) |
| 18:22 | Investigar | Castle Age |
| 18:41 | Investigar | Horse Collar |
| 18:44 | Crear | Fishing Ship |
| 18:45 | Crear | Fishing Ship |
| 19:08 | Construir | Fish Trap |
| 19:20 | Construir | House |
| 19:27 | Construir | House |
| 19:31 | Investigar | Gold Mining |
| 19:46 | Construir | Fish Trap |
| 19:49 | Crear | Fishing Ship |
| 20:11 | Construir | House |
| 20:21 | Crear | Fishing Ship |
| 20:22 | Crear | Fishing Ship |
| 20:35 | Construir | Fish Trap |
| 20:43 | Construir | Fish Trap |
| 20:55 | Construir | Fish Trap |
| 21:13 | Crear | Villager (Male) |
| 21:15 | Edad | Edad de los Castillos |
| 21:18 | Construir | Town Center |
| 21:20 | Crear | Villager (Male) |
| 21:24 | Construir | Town Center |
| 21:28 | Construir | House |
| 21:44 | Crear | Villager (Male) |
| 21:51 | Crear | Villager (Male) |
| 21:54 | Construir | Stable |
| 22:10 | Construir | House |
| 22:12 | Crear | Villager (Male) |
| 22:18 | Investigar | Tech 906 |
| 22:21 | Investigar | Bow Saw |
| 22:26 | Construir | Fish Trap |
| 22:29 | Crear | Villager (Male) |
| 22:32 | Construir | Fish Trap |
| 22:33 | Crear | Villager (Male) |
| 22:46 | Construir | House |
| 22:46 | Crear | Villager (Male) |
| 22:53 | Crear | Villager (Male) |
| 22:58 | Construir | Monastery |
| 23:14 | Crear | Camel Scout |
| 23:15 | Crear | Camel Scout |
| 23:17 | Crear | Villager (Male) |
| 23:21 | Crear | Villager (Male) |
| 23:32 | Investigar | Scale Barding Armor |
| 23:33 | Crear | Villager (Male) |
| 23:37 | Construir | Fish Trap |
| 23:39 | Crear | Steppe Lancer |
| 23:40 | Crear | Camel Scout |
| 23:43 | Crear | Monk |
| 23:53 | Construir | House |
| 23:57 | Construir | House |
| 23:59 | Construir | Farm |
| 24:01 | Construir | Farm |
| 24:02 | Crear | Villager (Male) |
| 24:05 | Investigar | Gillnets |
| 24:08 | Crear | Camel Scout |
| 24:20 | Crear | Villager (Male) |
| 24:24 | Construir | Farm |
| 24:24 | Construir | Farm |
| 24:25 | Construir | Farm |
| 24:25 | Construir | Farm |
| 24:28 | Construir | House |
| 24:36 | Construir | Siege Workshop |
| 24:46 | Crear | Monk |
| 24:50 | Investigar | Forging |
| 24:53 | Construir | Farm |
| 24:56 | Construir | Farm |
Build order — ofespinelman
Primeras 150 de 434 acciones detectadas
| 0:07 | Crear | Villager (Male) |
| 0:07 | Crear | Villager (Male) |
| 0:07 | Crear | Villager (Male) |
| 0:08 | Crear | Villager (Male) |
| 0:10 | Construir | House |
| 0:23 | Crear | Villager (Male) |
| 0:53 | Investigar | Loom |
| 0:57 | Crear | Villager (Male) |
| 0:57 | Crear | Villager (Male) |
| 1:25 | Construir | Palisade Wall |
| 2:02 | Crear | Villager (Male) |
| 2:46 | Crear | Villager (Male) |
| 2:54 | Construir | Palisade Wall |
| 3:16 | Crear | Villager (Male) |
| 3:23 | Construir | House |
| 3:38 | Crear | Villager (Male) |
| 3:58 | Construir | Lumber Camp |
| 4:00 | Crear | Villager (Male) |
| 4:21 | Construir | House |
| 4:27 | Crear | Villager (Male) |
| 4:27 | Crear | Villager (Male) |
| 5:11 | Construir | Mill |
| 5:57 | Crear | Villager (Male) |
| 6:27 | Construir | House |
| 6:34 | Crear | Villager (Male) |
| 6:36 | Crear | Villager (Male) |
| 6:48 | Crear | Villager (Male) |
| 7:02 | Crear | Villager (Male) |
| 7:29 | Crear | Villager (Male) |
| 7:44 | Crear | Villager (Male) |
| 7:44 | Crear | Villager (Male) |
| 7:53 | Crear | Villager (Male) |
| 7:56 | Crear | Villager (Male) |
| 8:14 | Crear | Villager (Male) |
| 8:25 | Crear | Villager (Male) |
| 8:54 | Crear | Villager (Male) |
| 8:54 | Crear | Villager (Male) |
| 8:54 | Crear | Villager (Male) |
| 9:20 | Crear | Villager (Male) |
| 9:21 | Crear | Villager (Male) |
| 9:31 | Crear | Villager (Male) |
| 9:32 | Crear | Villager (Male) |
| 9:32 | Crear | Villager (Male) |
| 9:43 | Crear | Villager (Male) |
| 9:43 | Crear | Villager (Male) |
| 9:56 | Construir | House |
| 10:22 | Crear | Villager (Male) |
| 10:23 | Crear | Villager (Male) |
| 10:23 | Crear | Villager (Male) |
| 10:48 | Construir | Mining Camp |
| 11:31 | Investigar | Feudal Age |
| 12:09 | Construir | House |
| 12:40 | Crear | Villager (Male) |
| 12:40 | Crear | Villager (Male) |
| 12:59 | Construir | Farm |
| 13:07 | Construir | Farm |
| 13:37 | Crear | Villager (Male) |
| 13:37 | Crear | Villager (Male) |
| 13:48 | Edad | Edad Feudal |
| 13:54 | Construir | Market |
| 14:09 | Construir | Blacksmith |
| 14:26 | Construir | Mining Camp |
| 14:37 | Construir | Farm |
| 15:02 | Construir | Farm |
| 15:05 | Investigar | Castle Age |
| 15:07 | Crear | Villager (Male) |
| 15:07 | Crear | Villager (Male) |
| 15:07 | Crear | Villager (Male) |
| 15:07 | Crear | Villager (Male) |
| 15:22 | Investigar | Double-Bit Axe |
| 15:35 | Construir | Farm |
| 15:38 | Crear | Villager (Male) |
| 15:38 | Crear | Villager (Male) |
| 15:39 | Crear | Villager (Male) |
| 15:59 | Investigar | Stone Mining |
| 16:06 | Construir | Farm |
| 16:13 | Construir | Farm |
| 16:24 | Crear | Villager (Male) |
| 16:29 | Construir | Farm |
| 16:57 | Crear | Villager (Male) |
| 17:08 | Crear | Villager (Male) |
| 17:08 | Crear | Villager (Male) |
| 17:20 | Construir | House |
| 17:31 | Edad | Edad de los Castillos |
| 17:31 | Crear | Villager (Male) |
| 17:31 | Crear | Villager (Male) |
| 17:38 | Construir | Farm |
| 17:50 | Crear | Villager (Male) |
| 17:50 | Crear | Villager (Male) |
| 18:12 | Construir | Castle |
| 18:14 | Crear | Villager (Male) |
| 18:14 | Crear | Villager (Male) |
| 18:34 | Crear | Villager (Male) |
| 18:35 | Crear | Villager (Male) |
| 18:35 | Crear | Villager (Male) |
| 18:54 | Construir | Siege Workshop |
| 18:59 | Crear | Villager (Male) |
| 18:59 | Crear | Villager (Male) |
| 18:59 | Crear | Villager (Male) |
| 19:21 | Crear | Villager (Male) |
| 19:21 | Crear | Villager (Male) |
| 19:32 | Crear | Villager (Male) |
| 19:33 | Crear | Villager (Male) |
| 19:43 | Construir | Town Center |
| 19:54 | Crear | Villager (Male) |
| 19:54 | Crear | Villager (Male) |
| 20:06 | Crear | Mangonel |
| 20:23 | Construir | Farm |
| 20:28 | Crear | Villager (Male) |
| 20:29 | Crear | Villager (Male) |
| 20:29 | Crear | Villager (Male) |
| 20:31 | Construir | Farm |
| 20:50 | Investigar | Bow Saw |
| 20:54 | Construir | Farm |
| 20:57 | Crear | Villager (Male) |
| 21:15 | Construir | Farm |
| 21:29 | Crear | Villager (Male) |
| 21:29 | Crear | Villager (Male) |
| 21:30 | Crear | Villager (Male) |
| 21:40 | Crear | Villager (Male) |
| 21:40 | Crear | Villager (Male) |
| 21:41 | Crear | Villager (Male) |
| 21:41 | Crear | Villager (Male) |
| 21:56 | Crear | Villager (Male) |
| 21:56 | Crear | Villager (Male) |
| 21:57 | Crear | Villager (Male) |
| 22:09 | Crear | Mangonel |
| 22:10 | Crear | Villager (Male) |
| 22:10 | Crear | Villager (Male) |
| 22:24 | Crear | Mangonel |
| 22:26 | Crear | Villager (Male) |
| 22:26 | Crear | Villager (Male) |
| 22:35 | Construir | Lumber Camp |
| 22:36 | Crear | Villager (Male) |
| 22:36 | Crear | Villager (Male) |
| 22:43 | Construir | Farm |
| 22:48 | Crear | Villager (Male) |
| 22:48 | Crear | Villager (Male) |
| 22:59 | Crear | Villager (Male) |
| 22:59 | Crear | Villager (Male) |
| 22:59 | Crear | Villager (Male) |
| 23:04 | Construir | Farm |
| 23:11 | Construir | Farm |
| 23:11 | Construir | Farm |
| 23:11 | Construir | Farm |
| 23:12 | Construir | Farm |
| 23:12 | Construir | Farm |
| 23:12 | Construir | Farm |
| 23:12 | Construir | Farm |
| 23:13 | Construir | Farm |
Cronología de la partida
| 1:25 | ofespinelman · wall_segment Palisade Wall x8 |
| 1:37 | Caesar_Red · wall_segment Palisade Wall x7 |
| 2:54 | ofespinelman · wall_segment Palisade Wall x1 |
| 3:07 | White Chocolate · wall_segment Palisade Wall x7 |
| 3:11 | Caesar_Red · wall_segment Palisade Wall x7 |
| 4:31 | Caesar_Red · wall_segment Palisade Wall x1 |
| 4:53 | Caesar_Red · wall_segment Palisade Wall x8 |
| 6:24 | Le Roi · first_building Barracks |
| 7:36 | Caesar_Red · wall_segment Palisade Wall x1 |
| 7:37 | Caesar_Red · wall_segment Palisade Wall x7 |
| 8:27 | White Chocolate · first_building Dock |
| 9:43 | Le Roi · age_up feudal |
| 9:46 | Le Roi · first_building Archery Range |
| 12:48 | Caesar_Red · wall_segment Palisade Wall x7 |
| 13:09 | Caesar_Red · age_up feudal |
| 13:18 | Caesar_Red · wall_segment Palisade Wall x1 |
| 13:29 | Le Roi · first_building Dock |
| 13:48 | ofespinelman · age_up feudal |
| 14:38 | White Chocolate · first_building Barracks |
| 15:39 | White Chocolate · age_up feudal |
| 15:42 | White Chocolate · first_building Archery Range |
| 17:03 | Le Roi · wall_segment Palisade Wall x9 |
| 17:31 | ofespinelman · age_up castle |
| 18:09 | Le Roi · first_market_sell 100 wood |
| 18:10 | Le Roi · first_market_buy 100 food |
| 18:12 | ofespinelman · first_building Castle |
| 18:49 | Caesar_Red · wall_segment Palisade Wall x1 |
| 18:54 | ofespinelman · first_building Siege Workshop |
| 18:58 | Caesar_Red · first_building Dock |
| 19:09 | White Chocolate · age_up castle |
| 19:42 | White Chocolate · wall_segment Stone Wall x11 |
| 19:51 | White Chocolate · wall_segment Stone Wall x9 |
| 20:52 | White Chocolate · wall_segment Stone Wall x1 |
| 21:10 | Caesar_Red · age_up castle |
| 21:15 | Le Roi · age_up castle |
| 21:33 | Caesar_Red · first_building Castle |
| 21:38 | Caesar_Red · wall_segment Stone Wall x1 |
| 21:41 | Caesar_Red · wall_segment Stone Wall x1 |
| 21:45 | Caesar_Red · wall_segment Stone Wall x1 |
| 21:54 | Le Roi · first_building Stable |
| 22:58 | Le Roi · first_building Monastery |
| 23:15 | Caesar_Red · first_building Siege Workshop |
| 23:27 | Caesar_Red · first_building Monastery |
| 23:30 | White Chocolate · first_building Siege Workshop |
| 23:44 | White Chocolate · first_market_buy 100 stone |
| 24:00 | ofespinelman · first_building Monastery |
| 24:36 | Le Roi · first_building Siege Workshop |
| 26:51 | ofespinelman · first_market_buy 100 food |
| 27:54 | White Chocolate · wall_segment Stone Wall x6 |
| 28:07 | White Chocolate · wall_segment Stone Wall x1 |
| 28:41 | ofespinelman · first_building Barracks |
| 29:35 | ofespinelman · first_building Stable |
| 30:58 | White Chocolate · first_building Castle |
| 31:20 | Caesar_Red · first_market_buy 100 stone |
| 31:24 | ofespinelman · age_up imperial |
| 31:30 | Le Roi · first_building Castle |
| 32:08 | Caesar_Red · first_building Barracks |
| 33:13 | Caesar_Red · first_building Stable |
| 34:43 | Caesar_Red · age_up imperial |
| 34:56 | White Chocolate · wall_segment Stone Wall x1 |
| 35:29 | Le Roi · age_up imperial |
| 36:05 | White Chocolate · age_up imperial |
| 39:23 | White Chocolate · wall_segment Stone Wall x5 |
| 39:30 | Caesar_Red · first_market_sell 500 wood |
| 41:50 | ofespinelman · first_building Archery Range |
| 45:31 | Caesar_Red · first_building Archery Range |
| 46:15 | Caesar_Red · resign |
[ ANÁLISIS IA · 1 CRÉDITO ]
¿Qué pasó realmente en esta partida?
Wolo.gg analiza cada decisión: build order, eco, micro, errores típicos por bracket. Análisis personalizado por WhatsApp o Discord en 30 segundos.
Guía civ
Portugueses
Perfil
Jugador #1332516